 Dungeon Crawl Stone Soup version 0.31.0-11-ge490571c62 (webtiles) character file.

Game seed: 11179177357728027051

11 Sabo the Protected (level 2, 20/20 HPs)
             Began as a Gnoll Wanderer on Feb 6, 2024.
             Was a Follower of Zin.
             Got out of the dungeon alive.
             The game lasted 00:03:52 (685 turns).

Sabo the Protected (Gnoll Wanderer)                  Turns: 685, Time: 00:03:52

Health: 20/20      AC: 17    Str: 10    XL:     2   Next: 29%
Magic:  5/5        EV:  6    Int: 12    God:    Zin [*.....]
Gold:   44         SH:  4    Dex: 11    Spells: 5/6 levels left

rFire   . . .        j - +0 mace (heavy)
rCold   . . .        b - +0 buckler
rNeg    . . .        d - +0 chain mail
rPois   .            (no helmet)
rElec   .            k - +0 cloak
rCorr   .            o - +0 pair of gloves
SInv    .            l - +1 pair of boots
Will    .....        (no amulet) Stlth
                     (no ring)
HPRegen 0.23/turn    (no ring)
MPRegen 0.09/turn

%: no passive effects
@: no status effects
A: fangs 1, strong nose, distributed training
a: Renounce Religion, Recite, Donate Gold


You escaped.
You worshipped Zin.
Zin was aware of your devotion.
You visited 1 branch of the dungeon, and saw 1 of its levels.

You collected 48 gold pieces.
You donated 4 gold pieces to Zin.

Inventory:

Hand Weapons
 a - a +0 dagger
 f - a +0 sling
 j - a +0 heavy mace (weapon)
Missiles
 i - 5 javelins
Armour
 b - a +0 buckler (worn)
 d - a +0 chain mail (worn)
 k - a +0 cloak (worn)
 l - a +1 pair of boots (worn)
 o - a +0 pair of gloves (worn)
Scrolls
 h - a scroll of enchant weapon {unknown}
 m - a scroll of blinking {unknown}
 p - a scroll of amnesia {unknown}
Potions
 c - a potion of haste
 e - a potion of attraction {unknown}
 g - a potion of might {unknown}
 n - a potion of ambrosia {unknown}


   Skills:
 + Level 0.4 Fighting
 + Level 0.4 Short Blades
 + Level 0.4 Long Blades
 + Level 0.4 Axes
 + Level 0.4 Maces & Flails
 + Level 0.4 Polearms
 + Level 0.4 Staves
 + Level 0.4 Ranged Weapons
 + Level 0.4 Throwing
 + Level 10.4 Armour
 + Level 0.4 Dodging
 + Level 4.1 Stealth
 + Level 2.5 Shields
 + Level 0.4 Unarmed Combat
 + Level 2.7 Spellcasting
 + Level 0.2 Conjurations
 + Level 0.2 Hexes
 + Level 0.2 Summonings
 + Level 0.2 Necromancy
 + Level 0.2 Translocations
 + Level 0.2 Fire Magic
 + Level 0.2 Ice Magic
 + Level 0.2 Air Magic
 + Level 2.0 Earth Magic
 + Level 0.2 Alchemy
 + Level 0.5 Invocations
 + Level 0.4 Evocations
 + Level 0.3 Shapeshifting


You had 5 spell levels left.
You knew the following spells:

 Your Spells              Type           Power      Damage    Failure   Level
a - Sandblast             Erth           12%        2d6       97%         1

Your spell library contained the following spells:

 Spells                   Type           Power      Damage    Failure   Level
 Passwall                 Erth           6%         N/A       100%        3


Dungeon Overview and Level Annotations

Branches:
Dungeon (1/15)

Altars:
Zin


Innate Abilities, Weirdness & Mutations

You have very sharp teeth.
Your uncanny sense of smell can sniff out nearby items.
Your experience applies equally to all skills.


Message History

You continue putting on your +0 pair of gloves. x4
You finish putting on your +0 pair of gloves. 2 ball pythons come into view.
Found a faded altar of an unknown god.
The ball python hisses angrily. x2; You hear an angry hiss.
A ball python comes into view.
The ball python hisses angrily.
The ball python bites you but does no damage.
The ball python barely misses you.
You sock the ball python!
You kill the ball python!
The ball python barely misses you. The ball python grabs you.
The ball python constricts you.
You escape the ball python's grasp.
The ball python bites you but does no damage.
The ball python grabs you. The ball python constricts you.
The ball python completely misses you.
You thump the ball python!
You kill the ball python!
The ball python bites you but does no damage.
The ball python grabs you. The ball python constricts you.
The ball python bites you but does no damage.
The ball python constricts you.
The ball python bites you but does no damage.
The ball python constricts you.
You hit the ball python.
You kill the ball python!
You see here a ball python corpse.
Found a scroll labelled PULUWOGUGI.
There is a faded altar of an unknown god here.
This altar belongs to (a) Zin, (b) Trog or (c) Ashenzari, but you can't tell which.
Press the corresponding letter to learn more about a god, or press enter to convert or escape to cancel.
Zin accepts your prayer! Zin welcomes you!
You pay a tithe of 4 gold.
You can now donate money to Zin.
You can now recite Zin's Axioms of Law.
p - a scroll labelled PULUWOGUGI You see here a ball python corpse.
There is an open door here.
There is a staircase leading out of the dungeon here.
You have escaped!

.##.# #......###..
##..## .# .##.#
#.###.###..
#.#.###.# .##..
... #.# #.#
#.#.....# .# ####
#.###.####.###.###
.# #..........#
#.# .#
##############.#
.# #.........#.#
.# #...###...#.#
.# #.@.#.#...'.#
.# #...###...#.# .
#.........#.#### .
###########....# #
#.# ####.# . #.#
#.# .# #.# #.# .#
#.### #.# .#
#...#### #.#


There were no monsters in sight!

Vanquished Creatures
  7 ball pythons (D:1)
  2 hobgoblins (D:1)
  A rat (D:1)
10 creatures vanquished.

Notes
Turn   | Place    | Note
-------+----------+-------------------------------------------
     0 | D:1      | Reached skill level 10 in Armour
     0 | D:1      | Sabo the Gnoll Wanderer began the quest for the Orb.
     0 | D:1      | Sabo set off with the following items: a +0 dagger, a +0
                  | buckler, a potion of haste, a +0 chain mail; and the
                  | following spell memorised: Sandblast; and the following
                  | spells available to memorise: Passwall.
     0 | D:1      | Reached XP level 1. HP: 13/13 MP: 4/4
   393 | D:1      | Reached XP level 2. HP: 14/19 MP: 5/5
   622 | D:1      | Found a faded altar of an unknown god.
   635 | D:1      | Prayed at the altar of an unknown god.
   635 | D:1      | Became a worshipper of Zin the Law-Giver
   635 | D:1      | Reached * piety under Zin
   685 | D:$      | Got out of the dungeon alive.

Illustrated notes

Levels and vault maps discovered:
D:1:      nicolae_arrival_memento_mori, layout_loops_ring,
          nicolae_ecumenical_snake_handling

Skill      XL: |  1 |
---------------+----+-----
Armour         | | 10.4
Earth Magic    | 2 |  2.0
Fighting       | |  0.4
Short Blades   | |  0.4
Long Blades    | |  0.4
Axes           | |  0.4
Maces & Flails | |  0.4
Polearms       | |  0.4
Staves         | |  0.4
Ranged Weapons | |  0.4
Throwing       | |  0.4
Dodging        | |  0.4
Stealth        | |  4.1
Shields        | |  2.5
Unarmed Combat | |  0.4
Spellcasting   | |  2.7
Conjurations   | |  0.2
Hexes          | |  0.2
Summonings     | |  0.2
Necromancy     | |  0.2
Translocations | |  0.2
Fire Magic     | |  0.2
Ice Magic      | |  0.2
Air Magic      | |  0.2
Alchemy        | |  0.2
Invocations    | |  0.5
Evocations     | |  0.4
Shapeshifting  | |  0.3

Action                     || total
---------------------------++-------
  Melee: Dagger            ||    21
         Mace              ||    12
         Bite              ||     1
 Armour: Chain mail        ||    41
  Dodge: Dodged            ||    13
  Block: Buckler           ||     4
